 Dungeon Crawl Stone Soup version 0.27.0-1-g7a089689b8 (webtiles) character file.

Game seed: 15878155182220566566

11155 shadowrider38 the Fighter (level 11, -2/102 HPs)
             Began as a Ghoul Gladiator on Aug 11, 2021.
             Was an Elder of Okawaru.
             Slain by an entropy weaver simulacrum (8 damage)
             ... in an ice cave.
             The game lasted 00:39:24 (18600 turns).

shadowrider38 the Fighter (Ghoul Gladiator)        Turns: 18600, Time: 00:39:24

Health: -2/102     AC: 13    Str: 21    XL:     11   Next: 73%
Magic:  10/10      EV:  4    Int:  4    God:    Okawaru [****..]
Gold:   77         SH: 20    Dex: 10    Spells: 10/10 levels left

rFire    + . .     SeeInvis +     - Unarmed
rCold    + + .     Faith    .   t - +3 tower shield
rNeg     + + +     Spirit   .   f - +0 plate armour
rPois    ∞         Reflect  .   H - +0 helmet
rElec    .         Harm     .   O - scarf {repulsion}
rCorr    +         Rampage  .   (no gloves)
Will     .....                  (no boots)
Stlth    ..........             (no amulet)
HPRegen  0.00/turn              d - ring of see invisible
MPRegen  0.12/turn              T - ring of Divine Compulsion {rF+ rC+ rCorr}

@: inhibited regen, repel missiles
A: claws 1, cold resistance 1, negative energy resistance 3, inhibited
regeneration, torment resistance 2
a: Renounce Religion, Heroism


You were in an ice cave.
You worshipped Okawaru.
Okawaru was greatly pleased with you.
You visited 3 branches of the dungeon, and saw 13 of its levels.
You also visited: Ice Cave.

You collected 649 gold pieces.
You spent 572 gold pieces at shops.

Inventory:

Missiles
 c - 2 throwing nets (quivered)
 z - 2 silver javelins
Armour
 f - a +0 plate armour (worn)
 t - a +3 tower shield (worn)
 x - a +1 leather armour of fire resistance
 H - a +0 helmet (worn)
 J - +0 steam dragon scales
 O - a scarf of repulsion (worn)
Jewellery
 d - a ring of see invisible (left claw)
 w - a ring of wizardry
 T - the ring of Divine Compulsion (right claw) {rF+ rC+ rCorr}
   (You acquired it on level 1 of the Dungeon)

   [ring of protection from fire]

   rF:        It protects you from fire.
   rC:        It protects you from cold.
   rCorr:     It protects you from acid and corrosion.
Wands
 p - a wand of polymorph (7)
 q - a wand of paralysis (14)
 A - a wand of flame (4)
 C - a wand of charming (11)
 E - a wand of iceblast (13)
 M - a wand of mindburst (11)
Scrolls
 h - 4 scrolls of teleportation
 k - 2 scrolls of noise
 l - 2 scrolls of amnesia
 n - a scroll of magic mapping
 u - 2 scrolls of silence {unknown}
 v - 3 scrolls of vulnerability
 y - a scroll of brand weapon
 B - 2 scrolls of fog
 D - a scroll of summoning
 I - 2 scrolls of holy word {unknown}
 L - a scroll of enchant weapon
 N - 3 scrolls of immolation {unknown}
 Q - a scroll of fear
 R - a scroll of blinking {unknown}
Potions
 a - a potion of might
 e - a potion of invisibility
 g - 2 potions of resistance {unknown}
 j - 2 potions of mutation {unknown}
 o - a potion of cancellation
 r - a potion of haste
 s - 2 potions of curing {unknown}
 F - 2 potions of ambrosia {unknown}
 G - 2 potions of degeneration {unknown}
 K - 3 potions of lignification
 P - 2 potions of brilliance {unknown}


   Skills:
 - Level 11.5 Fighting
 - Level 1.7 Throwing
 + Level 5.5 Armour
 - Level 2.6 Dodging
 - Level 9.6 Shields
 - Level 10.1 Unarmed Combat


You had 10 spell levels left.
You didn't know any spells.
Your spell library contained the following spells:

 Spells                   Type           Power      Damage    Failure   Level
 Corona                   Hex            0%         N/A       100%        1
 Foxfire                  Conj/Fire      0%         2x1d4     100%        1
 Ensorcelled Hibernation  Hex/Ice        0%         N/A       100%        2
 Slow                     Hex            0%         N/A       100%        2
 Confusing Touch          Hex            0%         N/A       100%        3
 Conjure Flame            Conj/Fire      0%         6-21      100%        3
 Inner Flame              Hex/Fire       0%         N/A       100%        3
 Mephitic Cloud           Conj/Pois/Air  0%         N/A       100%        3
 Tukima's Dance           Hex            0%         N/A       100%        3
 Passage of Golubria      Tloc           N/A        N/A       100%        4
 Yara's Violent Unravell  Hex/Tmut       0%         3d3       100%        5
 Shatter                  Erth           0%         3d5*      100%        9


Dungeon Overview and Level Annotations

Branches:
Dungeon (10/15)            Temple (1/1) D:5            Lair (2/6) D:10
  Snake (0/4) Lair:2        IceCv (1/1)
  Swamp: Lair:2-4    Shoals: Lair:2-4       Orc: D:9-12

Altars:
Ashenzari
Cheibriados
Dithmenos
Elyvilon
Fedhas
Gozag
Hepliaklqana
Kikubaaqudgha
Makhleb
Nemelex Xobeh
Okawaru
Qazlal
Ru
Sif Muna
Trog
Uskayaw
Vehumet
Wu Jian
Xom
Yredelemnul
Zin
The Shining One

Shops:
D:1 ?

Annotations:
Lair:1 exclusion: oklob plant


Innate Abilities, Weirdness & Mutations

You thrive by killing the living.
You are immune to poison.
You have sharp fingernails.
Your flesh is cold resistant. (rC+)
You are immune to negative energy. (rN+++)
You do not regenerate when monsters are visible.
You are immune to unholy pain and torment.


Message History

The entropy weaver simulacrum hits you.
The entropy weaver simulacrum freezes you!
You resist.
You claw the entropy weaver simulacrum!
The entropy weaver simulacrum is moderately damaged.
The entropy weaver simulacrum hits you!
The entropy weaver simulacrum freezes you!
You resist.
You block the entropy weaver simulacrum's attack. x2
The entropy weaver simulacrum barely misses you.
You barely miss the entropy weaver simulacrum.
The entropy weaver simulacrum is moderately damaged.
You block the entropy weaver simulacrum's attack. x3
The entropy weaver simulacrum hits you!
The entropy weaver simulacrum freezes you!
You resist.
You scratch the entropy weaver simulacrum but do no damage.
The entropy weaver simulacrum is moderately damaged.
You block the entropy weaver simulacrum's attack. x2
The entropy weaver simulacrum hits you.
The entropy weaver simulacrum freezes you!
You resist.
* * * LOW HITPOINT WARNING * * *
You block the entropy weaver simulacrum's attack.
Press: ? - help, v - describe, . - travel
Here: an entropy weaver simulacrum (moderately damaged)
The floor.
There is an ice choked empty arch of ancient stone here.
There is an ice covered gate leading back out of this place here.
The entropy weaver simulacrum hits you but does no damage.
The entropy weaver simulacrum hits you.
* * * LOW HITPOINT WARNING * * *
The entropy weaver simulacrum freezes you!
You resist.
* * * LOW HITPOINT WARNING * * *
The entropy weaver simulacrum hits you!
* * * LOW HITPOINT WARNING * * *
The entropy weaver simulacrum freezes you!
You resist.
You die...

.# .# Z.
.# ###
.Z# ##.##
#.#
#...##..#
#@Z.....#
#...##..#
##.## #.#
### ..#
.# .# .
.#


You could see an entropy weaver simulacrum.

Vanquished Creatures
  2 hydras
  A two-headed ogre (D:9)
  Pikel (D:7)
  A black mamba (Lair:1)
  A cane toad (Lair:1)
  An entropy weaver simulacrum (IceCv)
  A troll (D:6)
  A hornet (D:9)
  A wraith (D:9)
  A wyvern (D:8)
  A vampire (D:10)
  A basilisk (Lair:1)
  11 yaks
  2 death yak simulacra (Lair:2)
  2 steam dragons
  3 water moccasins
  A demonic crawler simulacrum (IceCv)
  4 orc warriors
  An ice beast (D:6)
  2 sky beasts
  A necrophage (D:6)
  A black bear (D:5)
  An ogre (D:6)
  2 centaurs
  2 phantoms (D:4)
  A lemure (D:6)
  A kobold brigand (D:7)
  5 bullfrogs
  A glowing shapeshifter simulacrum (IceCv)
  2 scorpions (D:6)
  An elephant simulacrum (Lair:2)
  10 killer bees
  A jelly (D:4)
  7 wights
  A crimson imp (D:8)
  A bullfrog zombie (D:5)
  4 centaur zombies
  5 orc priests
  A bullfrog skeleton (D:6)
  A centaur skeleton (D:7)
  4 gnoll shamans
  A hound (D:6)
  4 iguanas
  Natasha (twice) (D:2)
  9 orc wizards
  A howler monkey zombie (D:9)
  Robin (D:3)
  15 gnolls
  A howler monkey skeleton (D:6)
  9 adders
  A shadow imp (D:7)
  2 white imps
  3 ufetubi
  An adder skeleton (D:4)
  3 worms
  4 dart slugs
  30 orcs
  9 ball pythons
  4 bats
  9 endoplasms
  5 giant cockroaches
  13 goblins
  12 hobgoblins
  14 jackals
  10 kobolds
  5 quokkas
  5 frilled lizards
  A quokka skeleton (D:4)
  5 rats
271 creatures vanquished.

Vanquished Creatures (others)
  A glowing shapeshifter simulacrum (IceCv)
  2 fungi (Lair:1)
  15 plants (D:4)
18 creatures vanquished.

Grand Total: 289 creatures vanquished

Notes
Turn   | Place    | Note
-------+----------+-------------------------------------------
     0 | D:1      | shadowrider38 the Ghoul Gladiator began the quest for the
                  | Orb.
     0 | D:1      | Reached XP level 1. HP: 17/17 MP: 0/0
    70 | D:1      | Reached XP level 2. HP: 23/24 MP: 1/1
   291 | D:1      | Found Qunnin's Magic Scroll Shoppe.
   332 | D:1      | Reached XP level 3. HP: 25/29 MP: 2/2
   641 | D:1      | Found a faded altar of an unknown god.
   648 | D:1      | Reached skill level 5 in Unarmed Combat
   879 | D:2      | Reached XP level 4. HP: 31/36 MP: 3/3
   932 | D:2      | Found a shimmering altar of Xom.
  1415 | D:2      | Noticed Natasha
  1426 | D:2      | Killed Natasha
  1427 | D:2      | Reached XP level 5. HP: 20/41 MP: 4/4
  1947 | D:3      | Noticed Robin
  1955 | D:3      | Killed Robin
  2058 | D:3      | Found a stormy altar of Qazlal.
  2665 | D:3      | Found a bloodstained altar of Trog.
  2665 | D:3      | Found a basalt altar of Yredelemnul.
  2778 | D:4      | Found a burning altar of Makhleb.
  2778 | D:4      | Noticed a green death
  2823 | D:4      | Noticed a phantom
  2838 | D:4      | Killed a phantom
  2839 | D:4      | Reached XP level 6. HP: 31/48 MP: 5/5
  3741 | D:4      | Reached XP level 7. HP: 44/55 MP: 6/6
  3856 | D:4      | Noticed a hellwing
  3856 | D:4      | Noticed a hellwing
  4105 | D:4      | Found a snail-covered altar of Cheibriados.
  4261 | D:5      | Entered Level 5 of the Dungeon
  4943 | D:5      | Reached skill level 10 in Unarmed Combat
  5009 | D:4      | Reached XP level 8. HP: 61/61 MP: 7/7
  5083 | D:5      | Found a staircase to the Ecumenical Temple.
  5091 | Temple   | Entered the Ecumenical Temple
  5482 | Temple   | Became a worshipper of Warmaster Okawaru
  5853 | D:6      | Reached skill level 3 in Fighting
  6098 | D:6      | Reached skill level 4 in Fighting
  6179 | D:6      | Reached skill level 5 in Fighting
  6385 | D:6      | Reached * piety under Okawaru
  6386 | D:6      | Reached skill level 6 in Fighting
  6591 | D:6      | HP: 3/71 [something (3)]
  6949 | D:6      | Noticed a troll
  6951 | D:6      | Reached skill level 7 in Fighting
  7219 | D:6      | Killed a troll
  7220 | D:6      | Reached skill level 8 in Fighting
  7220 | D:6      | Reached XP level 9. HP: 81/81 MP: 8/8
  8021 | D:6      | Reached skill level 9 in Fighting
  8302 | D:7      | Got Tiwiugget's Tome of Venomous Earth
  9265 | D:6      | Reached skill level 10 in Fighting
  9958 | D:7      | Reached ** piety under Okawaru
 10016 | D:7      | Noticed Pikel
 10056 | D:7      | Killed Pikel
 10057 | D:7      | Reached skill level 11 in Fighting
 10196 | D:7      | Reached XP level 10. HP: 96/96 MP: 9/9
 10520 | D:7      | Found a sacrificial altar of Ru.
 10591 | D:7      | Reached skill level 1 in Shields
 12030 | D:8      | Reached skill level 5 in Shields
 12191 | D:8      | Reached *** piety under Okawaru
 12819 | D:9      | Reached **** piety under Okawaru
 13137 | D:9      | Received a gift from Okawaru
 13497 | D:9      | Found a faded altar of an unknown god.
 13498 | D:9      | Found a hazy altar of Hepliaklqana.
 13500 | D:9      | Found a faded altar of an unknown god.
 13648 | D:10     | Entered Level 10 of the Dungeon
 13677 | D:10     | Reached XP level 11. HP: 99/102 MP: 10/10
 14007 | D:10     | Noticed a two-headed ogre
 14060 | D:9      | Killed a two-headed ogre
 15245 | D:10     | Found a staircase to the Lair.
 15444 | Lair:1   | Entered Level 1 of the Lair of Beasts
 15572 | D:2      | Noticed Natasha
 15577 | D:2      | Killed Natasha
 15613 | D:1      | Bought a scroll of acquirement for 572 gold pieces
 15615 | D:1      | Acquired the ring of Divine Compulsion {rF+ rC+ rCorr}
 15998 | Lair:1   | Noticed a four-headed hydra
 16040 | Lair:1   | Killed a four-headed hydra
 16223 | Lair:1   | Noticed an oklob plant
 16335 | Lair:1   | Noticed an eight-headed hydra
 16753 | D:10     | Killed an eight-headed hydra
 17580 | Lair:2   | Found a frozen archway.
 18213 | Lair:2   | Reached skill level 5 in Armour
 18221 | IceCv    | Entered an ice cave
 18600 | IceCv    | Slain by an entropy weaver simulacrum

Illustrated notes

Levels and vault maps discovered:
D:1:      dpeg_arrival_refuge, layout_rooms, serial_shops, shop,
          ebering_ecumenical_altar_abandoned, glass_columns_a,
          minmay_misc_feat_rugged
D:2:      kennysheep_six_static_rooms, layout_rooms, basic_altar, uniq_natasha
D:3:      layout_loops_corners, gammafunk_temple_overflow_elements,
          amethyst_overflow_temple_binary, mrwooster_statue_mirror,
          grunt_ministairs_13, amcnicky_mini_rare_corridor_liquid,
          wander_ebering_terrifying_dragon_lair, uniq_robin
D:4:      layout_gridville, makhleb_altar_promises_db, chei_slow_surprise,
          serial_bayou_lake_a
D:5:      layout_loops_ring, minmay_temple_entry_hall
D:6:      layout_loops_ring
D:7:      layout_basic, nicolae_ru_path_of_blood, serial_curves, eino_curves_03,
          eino_curves_02, eino_curves_02, minmay_starry_boxes, uniq_pikel
D:8:      layout_rooms, minmay_fire_ice_demons
D:9:      layout_cave_pools, nicolae_hepliaklqana_ecumenical_no_more,
          serial_co_window_serial, co_window_corner_a, co_window_corner_a,
          co_window_paths_b, co_window_of_opportunity_a, co_window_paths_a,
          co_window_paths_a, co_window_paths_a, co_window_paths_a,
          co_window_corner_a, co_window_unsneaky_path_e, co_window_broadway_b,
          co_window_unsneaky_path_a, co_window_4corner_a, glass_columns_a,
          glass_columns_a, minmay_stone_trees_large, corexii_leaking_fountain
D:10:     layout_loops_corners, lair_entry_dummy, serial_rivers,
          chequers_serial_rivers_micro_c, chequers_serial_rivers_micro_b,
          chequers_serial_rivers_room_a, chequers_serial_rivers_room_b,
          chequers_serial_rivers_micro_c, chequers_serial_rivers_room_a
Temple:   dpeg_chambers_temple
Lair:1:   layout_regular_city, lemuel_fruit_tree, infiniplex_staircase_pool_2,
          grunt_megastairs_5, minmay_lair_oklob_chamber
Lair:2:   layout_big_grid, dummy_snake_entry,
          portal_ice_cave_entry_ice_simulacra
IceCv:    ice_cave_hellmonk_azure_passage

Skill      XL: |  1  2  3  4  5  6  7  8  9 10 11 |
---------------+----------------------------------+-----
Unarmed Combat | 4 5 6 7 8 10 | 10.1
Fighting       | 8 11 | 11.5
Shields        | 8 9 |  9.6
Armour         | 5 |  5.5
Throwing       | |  1.7
Dodging        | |  2.6

Action                   |  1- 3 |  4- 6 |  7- 9 | 10-12 || total
-------------------------+-------+-------+-------+-------++-------
Melee: Unarmed           |    98 |   263 |   318 |   385 ||  1064
       Punch             |       |     2 |       |       ||     2
Throw: Throwing net      |       |       |       |     1 ||     1
Invok: Heroism           |       |       |     3 |     9 ||    12
Evoke: Wand              |       |       |     6 |       ||     6
  Use: Scroll            |       |       |    10 |    14 ||    24
       Potion            |       |       |       |     2 ||     2
Armor: Leather armour    |    36 |       |       |       ||    36
       Plate armour      |     9 |   182 |   236 |   171 ||   598
Dodge: Dodged            |    73 |    63 |    21 |    41 ||   198
Block: Tower shield      |       |       |   253 |   415 ||   668
